AoeStats
← Joe Hendry

Pilgrims

508675627Analyzed
4v4 RM · 9d ago on Sep 23, 2026· 98m 45s· 8 players
Game mode
Random Map
Map size
Large (8 player)
Population
200
Speed
Normal
Resources
Standard
Victory
Conquest
Starting age
Dark Age
Ending age
Imperial Age
RankedLock teamsTeams togetherTeam positionsShared explorationLock speedFull tech treeHidden civsTurbo modeCheats
Victory
Defeat
🇨🇳 Danes · China
938
+14
🇨🇳 Burgundians · China
937
+14
🇨🇳 Portuguese · China
936
+14
🇨🇳 Jurchens · China
905
+15
🇸🇪 Britons · Sweden
951
-17
🇮🇹 Saxons · Italy
882
-14
🇦🇷 Huns · Argentina
864
-13
🇹🇼 Vietnamese · Taiwan
862
-13
DLC
3:58 Loom
13:31 Feudal Age
15:15 Man-at-Arms
16:11 Forging
16:01 Scale Mail Armor
16:19 Fishing Lines
19:11 Double-Bit Axe
25:26 Castle Age
25:38 Horse Collar
29:27 Wheelbarrow
29:24 Gillnets
34:45 Bow Saw
35:45 Pikeman
37:06 Chain Mail Armor
42:26 Imperial Age
41:10 Heavy Plow
42:24 Scale Barding Armor
44:07 Squires
46:15 Two-Man Saw
46:24 Conscription
46:26 Chain Barding Armor
46:39 Clinker Construction
46:21 Treadmill Crane
49:15 Iron Casting
49:48 Crop Rotation
50:58 Caravan
51:28 Coinage
51:08 Guilds
51:57 Elite Iron Pagoda
54:15 Plate Barding Armor
54:42 Blast Furnace
53:55 Husbandry
56:01 Chemistry
55:08 Siege Engineers
56:08 Coinage
55:52 Guilds
56:16 Bloodlines
60:15 Halberdier
63:52 Elite Skirmisher
66:15 Fortified Bastions
66:40 Elite Steppe Lancer
68:39 Padded Archer Armor
68:29 Fletching
69:31 Heavy Rocket Cart
70:27 Heavy Cavalry Archer
80:01 Medium Warships
John Farrell
9:36 Double-Bit Axe
13:42 Feudal Age
12:39 Horse Collar
14:18 Fishing Lines
17:46 Gillnets
23:26 Castle Age
22:02 Bow Saw
21:55 Heavy Plow
24:39 Crop Rotation
25:10 Two-Man Saw
26:10 Medium Warships
26:09 Cavalier
26:49 Husbandry
28:18 Gold Mining
30:24 Burgundian Vineyards
30:38 Burgundian Vineyards
32:33 Wheelbarrow
31:44 Loom
34:49 Stone Mining
40:55 Imperial Age
38:43 Hand Cart
38:59 Scale Barding Armor
39:05 Forging
40:16 Stone Shaft Mining
40:19 Gold Shaft Mining
40:10 Chain Barding Armor
40:36 Town Watch
41:03 Paladin
42:21 Plate Barding Armor
42:21 Iron Casting
42:19 Conscription
42:16 Town Patrol
45:10 Blast Furnace
45:04 Elite Coustillier
59:29 Flemish Revolution
64:41 Light Cavalry
64:53 Light Cavalry
65:34 Hussar
71:50 Heavy Warships
77:42 Fervor
77:58 Sanctity
Quel Serrar
18:02 Feudal Age
18:33 Double-Bit Axe
18:31 Horse Collar
20:12 Stone Mining
31:15 Fishing Lines
32:19 Gold Mining
39:33 Castle Age
41:40 Gillnets
43:27 Stone Shaft Mining
46:25 Imperial Age
46:37 Coinage
46:48 Wheelbarrow
47:38 Guilds
47:59 Banking
48:14 Bow Saw
48:25 Hand Cart
51:13 Two-Man Saw
58:34 Circumnavigation
59:32 Ballistics
60:13 Chemistry
59:04 Heated Shot
60:16 Masonry
59:46 Treadmill Crane
60:15 Siege Engineers
60:06 Murder Holes
60:22 Fortified Wall
60:02 Guard Tower
60:23 Careening
61:53 Bombard Tower
61:40 Siege Engineers
61:31 Murder Holes
61:47 Fortified Wall
61:28 Guard Tower
62:59 Architecture
62:40 Fortified Wall
67:18 Keep
87:04 Fletching
89:39 Town Watch
90:22 Town Patrol
93:06 Bodkin Arrow
93:59 Bracer
Khrushchev
13:37 Feudal Age
18:19 Castle Age
17:28 Scale Mail Armor
17:39 Forging
17:18 Arson
17:39 Horse Collar
17:49 Double-Bit Axe
19:42 Chain Mail Armor
22:24 Squires
24:16 Iron Casting
25:42 Wheelbarrow
26:35 Heavy Plow
29:01 Ballistics
29:10 Bow Saw
29:08 Gold Mining
29:08 Stone Mining
34:13 Imperial Age
32:50 Hand Cart
33:20 Hamask
36:02 Chemistry
35:08 Onager
38:24 Elite Varangian Guard
39:37 Elite Jomsviking
42:08 Conscription
42:28 Siege Engineers
44:33 Plate Mail Armor
47:19 Gold Shaft Mining
47:58 Capped Ram
49:19 Loom
49:54 Siege Onager
53:09 Siege Ram
58:23 Blast Furnace
57:14 Pikeman
57:32 Northmen's Fury
58:25 Halberdier
Joe Hendry
11:33 Feudal Age
10:57 Loom
12:19 Double-Bit Axe
13:07 Town Watch
16:32 Fishing Lines
17:34 Wheelbarrow
19:43 Fishing Lines
22:38 Castle Age
22:18 Stone Mining
23:43 Horse Collar
25:12 Clerical Recruitment
26:31 Scale Mail Armor
34:43 Guard Tower
37:06 Ballistics
40:39 Treadmill Crane
41:43 Forging
43:02 Fortified Wall
44:17 Hand Cart
45:20 Town Patrol
46:31 Heavy Plow
46:55 Chain Mail Armor
47:41 Masonry
48:00 Bow Saw
47:51 Gold Mining
47:37 Pikeman
48:20 Squires
48:14 Gambesons
49:10 Iron Casting
56:28 Imperial Age
59:32 Imperial Age
59:37 Elite Hearth Troop
64:44 Arson
75:34 Conscription
81:27 Gold Shaft Mining
84:09 Two-Man Saw
86:13 Plate Mail Armor
87:12 Crop Rotation
88:35 Halberdier
91:20 Man-at-Arms
Bolle
3:42 Loom
10:11 Loom
13:52 Feudal Age
14:32 Man-at-Arms
14:59 Arson
15:10 Double-Bit Axe
18:59 Wheelbarrow
21:06 Fletching
21:22 Padded Archer Armor
21:56 Town Watch
El Lobizon Chinchu
6:02 Loom
17:03 Feudal Age
21:47 Castle Age
22:01 Double-Bit Axe
21:59 Horse Collar
24:03 Wheelbarrow
26:04 Hand Cart
25:46 Gold Mining
29:27 Forging
29:23 Scale Barding Armor
31:12 Iron Casting
35:28 Husbandry
35:39 Bloodlines
36:57 Marauders
40:45 Imperial Age
40:14 Chain Barding Armor
39:45 Fletching
41:26 Gold Shaft Mining
40:42 Stone Mining
40:58 Padded Archer Armor
41:19 Bow Saw
41:12 Heavy Plow
43:11 Plate Barding Armor
43:37 Blast Furnace
44:36 Elite Tarkan
45:40 Conscription
45:43 Light Cavalry
45:44 Cavalier
48:48 Two-Man Saw
47:56 Hussar
47:56 Paladin
50:15 Chemistry
49:35 Ballistics
49:11 Murder Holes
51:09 Paladin
51:22 Elite Skirmisher
53:30 Parthian Tactics
53:15 Thumb Ring
52:36 Heavy Cavalry Archer
53:39 Imperial Skirmisher
54:32 Bodkin Arrow
55:04 Leather Archer Armor
55:39 Fervor
74:40 Squires
74:02 Pikeman
74:30 Arson
74:07 Man-at-Arms
Miles
11:59 Loom
14:14 Feudal Age
14:54 Double-Bit Axe
20:22 Castle Age
18:16 Gold Mining
19:50 Horse Collar
20:55 Stone Mining
24:34 Bow Saw
26:36 Wheelbarrow
28:30 Heavy Plow
31:32 Stone Shaft Mining
33:09 Hand Cart
36:21 Imperial Age
35:12 Fortified Wall
35:15 Masonry
35:48 Padded Archer Armor
35:38 Fletching
37:37 Leather Archer Armor
37:17 Bodkin Arrow
38:28 Chemistry
38:07 Crop Rotation
38:40 Two-Man Saw
39:18 Ring Archer Armor
39:11 Ballistics
40:52 Bracer
40:59 Scale Barding Armor
41:04 Forging
42:37 Guilds
42:49 Chain Barding Armor
42:52 Paper Money
43:41 Bombard Tower
43:18 Murder Holes
45:28 Elite Rattan Archer
46:46 Plate Barding Armor
46:46 Iron Casting
45:58 Town Watch
46:29 Treadmill Crane
46:56 Siege Engineers
47:55 Town Patrol
49:34 Hoardings
49:01 Caravan
49:03 Scale Mail Armor
51:27 Husbandry
51:39 Bloodlines
50:52 Elite Battle Elephant
51:35 Chatras
50:58 Light Cavalry
71:03 Sanctity
85:01 Cavalier
Connection lost

Rejoining the realm…

Still unreachable

The connection could not be restored.

Session expired

The server has moved on; the page needs a fresh start.